[Event "ETCC Open 2023"]
[Site "Budva"]
[Date "2023.11.12"]
[Round "2.37"]
[White "Wojtaszek, Radoslaw"]
[Black "Fedoseev, Vladimir"]
[Result "1/2-1/2"]
[ECO "E94"]
[WhiteElo "2668"]
[BlackElo "2675"]
[Annotator "TA"]
[PlyCount "85"]
[EventDate "2023.11.10"]
[EventType "team-tourn"]
[EventCountry "MNE"]
[SourceTitle "playchess.com"]
[Source "ChessBase"]
[SourceQuality "1"]
[WhiteTeam "Poland"]
[BlackTeam "Slovenia"]
[WhiteTeamCountry "POL"]
[BlackTeamCountry "SLO"]
[TimeControl "40/5400+30:1800+30"]

1. d4 Nf6 2. c4 g6 3. Nc3 Bg7 4. e4 d6 5. Nf3 O-O 6. Be2 e5 7. O-O h6 {[%emt 0:00:02] E94: King's Indian: Classical: 6 Be2 e5 7 0-0: Various Black 7th moves.} 8. Re1 $1 {[%emt 0:00:43] The main line 8.Re1 scores better than 8.dxe5.} Qe7 {[%emt 0:00:05] [#]} 9. dxe5 $146 ({Predecessor:} 9. Bf1 exd4 10. Nxd4 Nc6 11. f3 Nxd4 12. Qxd4 Nd7 13. Qf2 Ne5 14. Be3 Be6 15. Nd5 {1-0 Gukesh,D (2637)-Adhiban,B (2633) Menorca op 1st 2022 (7)}) 9... dxe5 {[%emt 0:00:09] White has an edge.} 10. Nd5 Nxd5 11. cxd5 c6 12. Bc4 Rd8 13. Qe2 cxd5 14. exd5 Bg4 15. h3 Bxf3 16. Qxf3 Na6 {[%emt 0:00:08] Black is weak on the light squares} 17. Be3 Qd6 18. Rac1 {[%emt 0:00:22] White is more active.} f5 19. Bxa6 (19. Red1 $16) 19... Qxa6 $11 20. Red1 {[%emt 0:05:04][%cal Od5d6] next d6! is good for White.} Rd7 {[%emt 0:06:37] [#] Inhibits d6.} (20... Qxa2 21. Rc7 Qa4 22. Rxb7 $16) 21. d6 $1 Rad8 $1 22. Qd5+ Kh7 23. Bc5 e4 24. Ba3 Qb6 25. Qe6 h5 {[%emt 0:04:51] [#]} (25... Qb5 $1 $11) 26. Rc2 ({Better is} 26. g4 $1 $16 e3 27. gxf5 (27. fxe3 f4 $16) 27... exf2+ 28. Kg2 gxf5 29. Qxf5+ Kg8 30. Qd5+ (30. Qxf2 Qxf2+ 31. Kxf2 Be5 $16) 30... Kh7 31. Qe4+ (31. Qxh5+ Bh6 $16) 31... Kg8 32. Rc5) 26... Qa5 $1 $14 27. Rcd2 (27. Rc8 $5 ) 27... Qe5 {[%emt 0:01:37] Prevents Rd5.} 28. Qb3 Bh6 29. Rd5 Qe6 30. Re1 h4 31. Kf1 Bf4 32. Red1 b6 33. Kg1 e3 34. fxe3 Bxe3+ 35. Kh1 Bf2 {[%emt 0:01:00] Prevents Re1.} 36. Bb4 a5 37. Qf3 Bg3 ({Don't play} 37... axb4 38. Qxf2 Rxd6 39. Qxh4+ Kg8 40. Rxd6 (40. Qxd8+ Rxd8 41. Rxd8+ Kg7 $14) 40... Rxd6 41. Re1 $16) 38. Ba3 Re8 (38... Bxd6 $2 39. Qd3 $18) 39. Kg1 Kg8 (39... Qf7 $5 ) 40. Rb5 {[%emt 0:02:47] The position is equal.} Qxa2 41. Rxb6 Qe6 42. Bc5 Qc4 43. Bf2 {[%emt 0:00:00] Weighted Error Value: White=0.16 (very precise) /Black=0.10 (very precise)} 1/2-1/2

[Event "ETCC Open 2023"]
[Site "Budva"]
[Date "2023.11.12"]
[Round "2.38"]
[White "Subelj, Jan"]
[Black "Teclaf, Pawel"]
[Result "1/2-1/2"]
[ECO "C48"]
[WhiteElo "2513"]
[BlackElo "2571"]
[Annotator "TA"]
[PlyCount "66"]
[EventDate "2023.11.10"]
[EventType "team-tourn"]
[EventCountry "MNE"]
[SourceTitle "playchess.com"]
[Source "ChessBase"]
[SourceQuality "1"]
[WhiteTeam "Slovenia"]
[BlackTeam "Poland"]
[WhiteTeamCountry "SLO"]
[BlackTeamCountry "POL"]
[TimeControl "40/5400+30:1800+30"]

1. e4 e5 2. Nf3 Nc6 3. Bb5 Nf6 4. d3 Bc5 5. Bxc6 dxc6 6. Nc3 Qe7 {[%emt 0:05:53] is the new trend. C48: Four Knights: 4 Bb5, replies other than 4...Bb4.} 7. h3 h6 8. Be3 Bd6 9. Qe2 Be6 {[%emt 0:01:33] [#]} 10. O-O-O $146 ({Predecessor:} 10. a3 O-O-O 11. d4 exd4 12. Bxd4 c5 13. Bxf6 gxf6 14. O-O-O c6 15. Qe3 h5 16. g3 {0-1 Vasquez Schroder,R (2506)-So,W (2773) Chess.com Rapid Wk25 Swiss 2022 (4)}) 10... Nd7 11. d4 exd4 12. Nxd4 Bb4 {[%emt 0:07:48] Threatens to win with ...Bxc3.} 13. Nxe6 Qxe6 14. Bd4 O-O-O 15. Qg4 Qxg4 16. hxg4 f6 17. Ne2 (17. Bxa7 $2 b6 18. Ne2 Ne5 $17) 17... Bd6 18. f3 (18. Bxa7 b6 19. Nd4 Kb7 $17) 18... Nf8 19. g5 ({Inferior is} 19. Bxa7 b6 20. Nd4 Kb7 $17) 19... fxg5 20. Bxg7 Rh7 21. Bxf8 ({Reject} 21. Bxh6 Ne6 22. Bxg5 Rxh1 23. Bxd8 Rxd1+ 24. Kxd1 Kxd8 $17) 21... Rxf8 22. Nd4 h5 23. Nf5 h4 24. Kd2 Be5 25. b3 Kd7 26. Ke2+ Ke6 {[%emt 0:00:08] [#]} 27. g3 $1 h3 (27... Rxf5 28. exf5+) 28. Ke3 (28. Kf2 $5 ) 28... Bd6 {[%emt 0:00:05] The position is equal.} 29. Rh2 Rxf5 30. exf5+ Kxf5 31. Kf2 Bc5+ 32. Kf1 Bd6 33. Kf2 Bc5+ {[%emt 0:00:04] Weighted Error Value: White=0.07 (flawless) /Black=0.05 (flawless)} 1/2-1/2

[Event "ETCC Open 2023"]
[Site "Budva"]
[Date "2023.11.12"]
[Round "2.39"]
[White "Bartel, Mateusz"]
[Black "Skoberne, Jure"]
[Result "1-0"]
[ECO "C02"]
[WhiteElo "2651"]
[BlackElo "2538"]
[Annotator "TA"]
[PlyCount "63"]
[EventDate "2023.11.10"]
[EventType "team-tourn"]
[EventCountry "MNE"]
[SourceTitle "playchess.com"]
[Source "ChessBase"]
[SourceQuality "1"]
[WhiteTeam "Poland"]
[BlackTeam "Slovenia"]
[WhiteTeamCountry "POL"]
[BlackTeamCountry "SLO"]
[TimeControl "40/5400+30:1800+30"]

1. e4 e6 2. d4 d5 3. e5 c5 4. c3 Nc6 5. Nf3 Bd7 6. Be2 f6 7. O-O fxe5 {[%emt 0:03:12] C02: French: Advance Variation.} 8. dxe5 Nh6 9. c4 d4 {[%emt 0:01:01] [#] The position is equal.} 10. b4 $1 {[%emt 0:21:09] [#]} Nxb4 $146 (10... cxb4 11. Nbd2) ({Predecessor:} 10... cxb4 11. Bd3 Nf7 12. Re1 Be7 13. Nbd2 Qc7 14. Nb3 O-O-O 15. a3 Kb8 16. axb4 Nxb4 17. Nfxd4 Nxe5 {0-1 Shirov,A (2667)-Stocek,J (2592) Prague Challengers 1st 2019 (3)}) 11. Bxh6 gxh6 {[%emt 0:00:21] [#]} ({Black should try} 11... d3 $1 $14 12. Be3 dxe2 13. Qxe2 Be7) 12. Nxd4 $1 $16 Qb6 (12... cxd4 $16 {is a better defense.} 13. Bh5+ Ke7) 13. Bh5+ $18 Kd8 14. Nb5 a6 15. Nd6 Kc7 16. Nf7 Rg8 {[%emt 0:00:42] [#]} 17. Nc3 $1 (17. Bf3 Rg7 18. Nxh6 Bc6 19. Bxc6 Qxc6 $15) 17... Be7 (17... Qa5 $142 18. Qd2 (18. Bf3 Rb8 $16) 18... Be8) 18. a3 (18. Nxh6 Rg7 $16) (18. Bf3 Raf8 19. Nxh6 Rg7 $14) 18... Nc6 19. Rb1 {[%emt 0:00:36] White is clearly winning.} (19. Nxh6 Rgd8 20. Nf7 Be8 21. Nxd8 Rxd8 $18) 19... Qa7 20. Nd6 (20. Nxh6 Rg7 21. Bf3 Rf8 $16) 20... Nd4 21. Rxb7+ (21. Nxb7 Bc6 $15) 21... Qxb7 22. Nxb7 {[%emt 0:00:09] Excellent horsemanship.} Bc6 {[%emt 0:00:05][%cal Oc6g2] [#] ...Bxg2! would be deadly.} 23. Nd5+ $1 exd5 24. Na5 {[%emt 0:00:08] Threatens to win with Nxc6.} Rxg2+ 25. Kxg2 Rg8+ 26. Kh1 Ba8 27. Rg1 dxc4+ 28. f3 Rxg1+ 29. Qxg1 c3 30. Qg7 Nf5 31. Qf7 c2 32. Nb3 {[%emt 0:00:05] Black got outplayed after the opening. Magnificent play by Bartel!   Weighted Error Value: White=0.00 (flawless) /Black=0.48} (32. Qxf5 $2 {too greedy.} c1=Q+ 33. Kg2 Bd5 $19) 1-0

[Event "ETCC Open 2023"]
[Site "Budva"]
[Date "2023.11.12"]
[Round "2.40"]
[White "Borisek, Jure"]
[Black "Gumularz, Szymon"]
[Result "1/2-1/2"]
[ECO "B10"]
[WhiteElo "2568"]
[BlackElo "2580"]
[Annotator "TA"]
[PlyCount "64"]
[EventDate "2023.11.10"]
[EventType "team-tourn"]
[EventCountry "MNE"]
[SourceTitle "playchess.com"]
[Source "ChessBase"]
[SourceQuality "1"]
[WhiteTeam "Slovenia"]
[BlackTeam "Poland"]
[WhiteTeamCountry "SLO"]
[BlackTeamCountry "POL"]
[TimeControl "40/5400+30:1800+30"]

1. e4 c6 2. Nf3 d5 3. d3 dxe4 4. dxe4 Qxd1+ 5. Kxd1 Nf6 6. Nfd2 {[%emt 0:00:45] B10: Caro-Kann: 2 d3 and 2 c4.} g6 7. f3 Bh6 8. Nc4 {[%emt 0:07:37] White is slightly better.} Bxc1 9. Kxc1 Be6 10. Ne3 {[%emt 0:03:47] [#]} Nbd7 $146 ({Predecessor:} 10... a5 11. a4 Nbd7 12. Bc4 Bxc4 13. Nxc4 Kd8 14. Rd1 Kc7 15. Nc3 Nc5 16. b3 Nfd7 {½-½ Yakubboev,N (2630)-Aravindh,C (2606) Sharjah Masters 5th 2022 (8)}) 11. a4 O-O-O 12. Bc4 Bxc4 13. Nxc4 g5 14. Nbd2 Rhg8 15. Ra3 h5 16. a5 Kc7 17. Re1 h4 18. Rc3 Nh5 (18... b5 $5 19. axb6+ axb6 $11) 19. Ne3 Ne5 20. Ndc4 Nxc4 21. Rxc4 e6 22. Ng4 f6 23. b4 a6 24. Nf2 Nf4 25. g3 {[%emt 0:00:29] The position is equal.} Ng6 26. Ng4 Rgf8 27. Rd1 Rxd1+ 28. Kxd1 f5 29. exf5 exf5 {[%emt 0:00:03] [#] Threatens to win with ...hxg3.} 30. Nf2 $1 Ne5 31. Rc3 hxg3 32. hxg3 Rh8 {[%emt 0:05:01] Not much happened in this game.   Weighted Error Value: White=0.06 (flawless) /Black=0.06 (flawless)} 1/2-1/2

[Event "ETCC Open 2023"]
[Site "Budva"]
[Date "2023.11.12"]
[Round "2.41"]
[White "Rapport, Richard"]
[Black "Bjerre, Jonas Buhl"]
[Result "1/2-1/2"]
[ECO "C54"]
[WhiteElo "2748"]
[BlackElo "2633"]
[Annotator "TA"]
[PlyCount "51"]
[EventDate "2023.11.10"]
[EventType "team-tourn"]
[EventCountry "MNE"]
[SourceTitle "playchess.com"]
[Source "ChessBase"]
[SourceQuality "1"]
[WhiteTeam "Romania"]
[BlackTeam "Denmark"]
[WhiteTeamCountry "ROU"]
[BlackTeamCountry "DEN"]
[TimeControl "40/5400+30:1800+30"]

1. e4 e5 2. Nf3 Nc6 3. Bc4 Bc5 4. c3 Nf6 5. d3 O-O 6. Nbd2 d5 {[%emt 0:04:53] C54: Giuoco Piano: 4 c3 Nf6, main lines with 5 d4 and 5 d3.} 7. exd5 Nxd5 8. Ne4 Be7 9. O-O Nb6 10. Bb3 Bf5 11. a4 a5 12. Be3 Nd5 13. Bc4 {[%emt 0:00:17] [#]} Qd7 $146 ({Predecessor:} 13... Nxe3 14. fxe3 Bxe4 15. dxe4 Bc5 16. Qe2 Qe7 17. h4 Nd8 18. Rad1 Bd6 19. Ng5 h6 {1-0 Rapport,R (2701)-Blagojevic,D (2505) SRB Central-ch op-A 7th 2014 (9)}) 14. Qb3 Rad8 15. h3 (15. Qxb7 Rb8 16. Qa6 Nxe3 17. fxe3 Bxe4 18. dxe4 Rb6 19. Bxf7+ Rxf7 $17) 15... h6 16. Rad1 (16. Qxb7 $2 Nxe3 17. fxe3 Rb8 $19) 16... Bg6 17. Nc5 (17. Qxb7 $2 Nxe3 18. fxe3 Rb8 $19) 17... Bxc5 18. Bxc5 Rfe8 {[%emt 0:01:45] next ...Bh5 is good for Black.} 19. Rd2 (19. d4 $5 Be4 20. Nxe5 (20. Qxb7 $2 {too greedy.} Bxf3 21. Bxd5 Bxd5 $19) 20... Nxe5 21. dxe5 Bxg2 22. Bxd5 (22. Kxg2 Nf4+ 23. Kg3 Qxh3+ 24. Kxf4 Qh4+ 25. Kf3 Qh5+ 26. Kg3 Qg5+ 27. Kh3 Qh5+ 28. Kg3 Qg5+ 29. Kh3 Qh5+ 30. Kg3 $11) 22... Bxd5 23. c4 $11) 19... Nf4 20. Be3 (20. Qxb7 $2 {is the wrong capture.} Rb8 21. Qa6 Bh5 $19) 20... Nxd3 (20... Nxh3+ $1 $15 21. gxh3 e4) 21. Qxb7 $11 {[%emt 0:01:35] [#] Bxd3 is the strong threat. The position is equal.} (21. Rfd1 $5 e4 $8 22. Qxb7 $11) 21... Rb8 22. Qa6 Ra8 23. Qb5 Rab8 $1 24. Qa6 Ra8 25. Qb5 Rab8 $1 26. Qa6 {[%emt 0:06:04] Weighted Error Value: White=0.07 (flawless) /Black=0.07 (flawless)} 1/2-1/2

[Event "ETCC Open 2023"]
[Site "Budva"]
[Date "2023.11.12"]
[Round "2.42"]
[White "Andersen, Mads"]
[Black "Deac, Bogdan-Daniel"]
[Result "1/2-1/2"]
[ECO "C67"]
[WhiteElo "2612"]
[BlackElo "2700"]
[Annotator "TA"]
[PlyCount "84"]
[EventDate "2023.11.10"]
[EventType "team-tourn"]
[EventCountry "MNE"]
[SourceTitle "playchess.com"]
[Source "ChessBase"]
[SourceQuality "1"]
[WhiteTeam "Denmark"]
[BlackTeam "Romania"]
[WhiteTeamCountry "DEN"]
[BlackTeamCountry "ROU"]
[TimeControl "40/5400+30:1800+30"]

1. e4 e5 2. Nf3 Nc6 3. Bb5 Nf6 4. O-O Nxe4 5. Re1 Nd6 6. Nxe5 Be7 7. Bf1 Nf5 {[%emt 0:02:32] C67: Ruy Lopez: Berlin Defence: 4 0-0 Nxe4.} 8. Nf3 O-O 9. d4 d5 {[%emt 0:00:02] White has an edge.} 10. c3 Bd6 11. b3 {[%emt 0:02:02] [#]} Be7 $146 ({Predecessor:} 11... Re8 12. Na3 a6 13. Nc2 Rxe1 14. Qxe1 Nce7 15. c4 b6 16. Qc3 Ng6 17. Bg5 Be7 18. Bxe7 Nfxe7 {½-½ Nepomniachtchi,I (2773)-So,W (2754) Abidjan GCT blitz 2019 (5)}) 12. a4 Re8 13. Ra2 Nd6 14. Bd3 Bf5 15. Bxf5 Nxf5 16. Rae2 Qd7 17. Qd3 f6 18. Bf4 g6 19. h4 Bd6 20. Bxd6 (20. Bh2 {seems wilder.} Kf7 21. h5 Bxh2+ 22. Nxh2 Rxe2 23. Qxe2 Re8 24. hxg6+ hxg6 25. Qxe8+ Qxe8 26. Rxe8 Kxe8 27. Nd2) 20... Nxd6 21. Nbd2 Rxe2 (21... Kf7 {feels hotter.} 22. g3 Rxe2 23. Rxe2 Re8) 22. Rxe2 Qf5 23. Qxf5 Nxf5 24. g3 Kf7 25. Ne1 Nd8 26. Nd3 Ne6 27. Nb4 Rd8 28. Nd3 {[%emt 0:00:11] The position is equal.} b6 29. b4 Ra8 30. Nb3 a6 31. Ra2 h5 32. Kf1 Nd6 33. f3 Nc4 34. Nb2 Nd6 35. Nd3 Ke7 36. Kf2 Kd7 37. Nb2 Rg8 38. Ra1 Rf8 39. Re1 Ra8 40. Ra1 Rg8 41. Rh1 Rb8 42. Nd1 Nc4 {[%emt 0:03:12] Weighted Error Value: White=0.05 (flawless) /Black=0.05 (flawless)} 1/2-1/2

[Event "ETCC Open 2023"]
[Site "Budva"]
[Date "2023.11.12"]
[Round "2.43"]
[White "Shevchenko, Kirill"]
[Black "Ochsner, Bjorn Moller"]
[Result "1-0"]
[ECO "E40"]
[WhiteElo "2665"]
[BlackElo "2534"]
[Annotator "TA"]
[PlyCount "73"]
[EventDate "2023.11.10"]
[EventType "team-tourn"]
[EventCountry "MNE"]
[SourceTitle "playchess.com"]
[Source "ChessBase"]
[SourceQuality "1"]
[WhiteTeam "Romania"]
[BlackTeam "Denmark"]
[WhiteTeamCountry "ROU"]
[BlackTeamCountry "DEN"]
[TimeControl "40/5400+30:1800+30"]

1. c4 e6 2. Nc3 d5 3. d4 Bb4 4. a3 Bxc3+ 5. bxc3 Nf6 6. e3 c6 {[%emt 0:00:41] E40: Nimzo-Indian: Rubinstein (4 e3): Unusual Black 4th moves.} 7. Bd3 {[%emt 0:04:44] 7.a4 deserves study.} e5 8. Ne2 e4 {[%emt 0:06:40] The position is equal.} 9. Bb1 O-O 10. O-O Re8 11. Ng3 b6 12. f3 exf3 (12... dxc4 13. fxe4 (13. Bxe4 Nxe4 14. Nxe4 Bb7 $14) (13. Nxe4 Na6 $16) 13... Be6 14. e5 $16) (12... Ba6 $11) 13. gxf3 {[%emt 0:09:49] [#]} ({White should try} 13. Qxf3 $16 Ba6 14. Bd3) 13... Ba6 $146 (13... dxc4 $11 {keeps the balance.} 14. Qe2 h5) ({Predecessor:} 13... Bh3 14. Re1 Nbd7 15. e4 dxc4 16. f4 Nf8 17. f5 Bg4 18. Qd2 Nh5 19. Nxh5 Bxh5 {1-0 Iljiushenok,I (2479)-Voit,D (2337) Moscow Aeroflot op-B 15th 2016 (4)}) 14. e4 $1 $16 {[%emt 0:00:16] White stays focused until the end.} Bxc4 15. Rf2 dxe4 16. fxe4 Nbd7 17. Qf3 Be6 18. Nf5 $1 Bxf5 19. Qxf5 Qe7 (19... g6 $2 20. Qf3 $18) 20. Bg5 {[%emt 0:03:50] And now e5 would win. White is more active.} ({Don't play} 20. e5 Nxe5 21. Qxe5 (21. dxe5 Qxe5 22. Qxe5 Rxe5 $16) 21... Qxe5 22. dxe5 Rxe5 $16) 20... h6 (20... Qe6 $16) 21. Bxf6 $18 {[%emt 0:04:13][%mdl 64] Remove Defender, Deflection} Qxf6 22. Qxd7 Qg5+ 23. Kf1 Qc1+ 24. Kg2 Qg5+ {[%emt 0:00:20] [#]} 25. Kf3 $1 {[%emt 0:00:08] aiming for e5.} Re6 (25... Rad8 26. Qc7 c5) 26. Ke2 Qg4+ 27. Kd2 Qg5+ 28. Kd3 Qb5+ {[%emt 0:00:21] [#]} 29. Kc2 $1 {[%emt 0:00:09] White is clearly winning.} Rxe4 30. Qxf7+ ({And not} 30. Rxf7 Qe2+ 31. Kb3 Qb5+ 32. Kc2 Qe2+ 33. Kb3 Qb5+ 34. Kc2 $11) 30... Kh8 31. a4 Re2+ 32. Rxe2 Qxe2+ 33. Kb3 c5 34. Qf5 (34. Qg6 $142 Kg8 35. Be4 c4+ 36. Ka3 Qxe4 37. Qxe4) 34... c4+ 35. Ka3 Qe7+ 36. Kb2 g6 37. Qxg6 {[%emt 0:00:28] Artfully played by Shevchenko.   Weighted Error Value: White=0.10 (very precise) /Black=0.48} 1-0

[Event "ETCC Open 2023"]
[Site "Budva"]
[Date "2023.11.12"]
[Round "2.44"]
[White "Rasmussen, Allan Stig"]
[Black "Nisipeanu, Liviu-Dieter"]
[Result "1/2-1/2"]
[ECO "E94"]
[WhiteElo "2507"]
[BlackElo "2591"]
[Annotator "TA"]
[PlyCount "60"]
[EventDate "2023.11.10"]
[EventType "team-tourn"]
[EventCountry "MNE"]
[SourceTitle "playchess.com"]
[Source "ChessBase"]
[SourceQuality "1"]
[WhiteTeam "Denmark"]
[BlackTeam "Romania"]
[WhiteTeamCountry "DEN"]
[BlackTeamCountry "ROU"]
[TimeControl "40/5400+30:1800+30"]

1. d4 Nf6 2. c4 g6 3. Nc3 Bg7 4. e4 d6 5. Nf3 O-O 6. Be2 e5 7. O-O Na6 8. Re1 Bg4 9. Be3 {[%emt 0:01:46] E94: King's Indian: Classical: 6 Be2 e5 7 0-0: Various Black 7th moves.} Bxf3 10. Bxf3 exd4 11. Bxd4 {[%emt 0:00:28] White is slightly better.} (11. Qxd4 Ng4 12. Qd2 (12. e5 Nxe5 13. Qd1 Nc5 $17) 12... Nxe3 13. Qxe3 c6 $15) 11... c6 12. Qd2 {[%emt 0:07:06] [#]} Re8 $146 ({Predecessor:} 12... Nc5 13. Rad1 Ne6 14. Be3 Qa5 15. Qc2 Nd7 16. Rxd6 Rfd8 17. Red1 Ne5 18. Be2 Rxd6 19. Rxd6 {½-½ Zhou,J (2550)-Chen,R (2396) Los Angeles 1000GM Spring op 2023 (5)}) 13. Rad1 h5 14. Be3 Nc5 15. Bf4 Qb6 16. Bxd6 ({Much weaker is} 16. Qxd6 Rad8 17. Qc7 Rxd1 18. Nxd1 Qb4 $17) 16... Nfd7 17. Qc2 Ne5 18. Be2 Rad8 19. a3 {[%emt 0:04:41] [#] And now b4 would win.} Ncd3 {[%emt 0:15:39][%mdl 64] Discovered Attack} 20. Bxd3 Rxd6 21. Be2 Rxd1 ({Don't play} 21... Rf6 22. Rf1 $16) 22. Rxd1 Ng4 $1 23. Bxg4 hxg4 24. Rd3 Qc5 25. Qb3 (25. Rd7 {feels hotter.} Qxc4 26. Rxb7 Bxc3 27. Qxc3 Qxe4 28. h4) 25... Bd4 26. Kf1 (26. Rd2 {is more complex.} Qe5 27. Rd3 f5 28. Rd2) 26... Qe5 (26... Bxf2 $15 27. Qb4 a5 28. Qxc5 Bxc5) 27. h3 $11 {[%emt 0:00:57] The position is equal.} ({Of course not} 27. Qxb7 Bxc3 28. bxc3 Qxe4 $19) 27... Bxc3 {[%emt 0:04:14][%mdl 64] [#] Remove Defender} 28. Qxc3 Qh2 29. f3 gxh3 30. gxh3 Qxh3+ {[%emt 0:00:25] Weighted Error Value: White=0.07 (flawless) /Black=0.05 (flawless)} 1/2-1/2

[Event "ETCC Open 2023"]
[Site "Budva"]
[Date "2023.11.12"]
[Round "2.45"]
[White "Pechac, Jergus"]
[Black "Radjabov, Teimour"]
[Result "1/2-1/2"]
[ECO "D41"]
[WhiteElo "2580"]
[BlackElo "2745"]
[Annotator "TA"]
[PlyCount "60"]
[EventDate "2023.11.10"]
[EventType "team-tourn"]
[EventCountry "MNE"]
[SourceTitle "playchess.com"]
[Source "ChessBase"]
[SourceQuality "1"]
[WhiteTeam "Slovakia"]
[BlackTeam "Azerbaijan"]
[WhiteTeamCountry "SVK"]
[BlackTeamCountry "AZE"]
[TimeControl "40/5400+30:1800+30"]

1. d4 Nf6 2. c4 e6 3. Nf3 d5 4. Nc3 c5 5. cxd5 cxd4 6. Qxd4 exd5 7. e4 {[%emt 0:00:05] D41: Queen's Gambit Declined: Semi-Tarrasch with 5 cxd5.} dxe4 8. Qxd8+ Kxd8 9. Ng5 {[%emt 0:00:08][%csl LRe4,LRf7] White is slightly better.} Be6 10. a3 Nbd7 11. Ncxe4 Nxe4 12. Nxe4 {[%emt 0:00:08] [#]} Rc8 $146 ({Predecessor:} 12... h6 13. Bf4 g5 14. Bd2 Bg7 15. O-O-O Rc8+ 16. Kb1 Bb3 17. Bb5 Rc7 18. Rc1 Bd5 {1-0 Martirosyan,H (2683)-Nepomniachtchi,I (2779) World-chT Rapid 2023 (10)}) 13. Be3 a6 14. Be2 h6 15. Rd1 f5 16. Nd6 Bxd6 {[%emt 0:00:16] The position is equal.} 17. Rxd6 Ke7 18. Rd4 Rc2 19. Rd2 Rhc8 20. Bd3 {[%emt 0:03:31] A strong pair of Bishops.} Rxd2 21. Kxd2 Ne5 {[%emt 0:00:05] [#] Strongly threatening ...Rd8.} 22. Bd4 Nxd3 23. Kxd3 $11 {[%emt 0:00:04][%mdl 4096] Endgame KRB-KRB} Kf7 24. Re1 g5 25. g3 Bc4+ 26. Kd2 Re8 27. Rxe8 Kxe8 28. Bg7 h5 29. Bf6 g4 $1 30. Bc3 Kf7 {[%emt 0:00:08] Weighted Error Value: White=0.06 (flawless) /Black=0.02 (flawless)} 1/2-1/2

[Event "ETCC Open 2023"]
[Site "Budva"]
[Date "2023.11.12"]
[Round "2.46"]
[White "Mamedov, Rauf"]
[Black "Gazik, Viktor"]
[Result "1-0"]
[ECO "A49"]
[WhiteElo "2644"]
[BlackElo "2547"]
[Annotator "TA"]
[PlyCount "103"]
[EventDate "2023.11.10"]
[EventType "team-tourn"]
[EventCountry "MNE"]
[SourceTitle "playchess.com"]
[Source "ChessBase"]
[SourceQuality "1"]
[WhiteTeam "Azerbaijan"]
[BlackTeam "Slovakia"]
[WhiteTeamCountry "AZE"]
[BlackTeamCountry "SVK"]
[TimeControl "40/5400+30:1800+30"]

1. Nf3 Nf6 2. g3 g6 3. Bg2 Bg7 4. O-O O-O 5. d4 d6 6. Re1 Nbd7 7. a4 {[%emt 0:10:34] A49: 1 d4 Nf6 2 Nf3 g6 3 g3: Anti-King's Indian systems.} a5 8. Nc3 e5 9. dxe5 {[%emt 0:01:54] White has an edge.} dxe5 10. Nd2 {[%emt 0:00:08][%cal Bf3d2,Bd2c4,Bc4d6][%mdl 32] [#]} c6 $146 ({Predecessor:} 10... Re8 11. Nc4 h6 12. h3 Nh7 13. e4 Ng5 14. Bxg5 hxg5 15. Nb5 Rf8 16. Qd2 c6 {1-0 Levin,G (2424)-Kantsler,B (2403) Ramat Gan Lag BaOmer op rapid 2023 (3)}) 11. Nc4 Qc7 12. Qd6 Qxd6 13. Nxd6 Nb6 14. Rd1 {[%emt 0:14:26] White leaves nothing to chance now.} Rd8 15. Be3 Nbd5 16. Bxd5 cxd5 {[%emt 0:00:00] [#]} 17. Nxd5 $1 Nxd5 (17... Rxd6 $2 18. Nxf6+ Bxf6 19. Rxd6 $18) 18. Rxd5 Bg4 {[%emt 0:00:00] Black is weak on the dark squares} (18... Be6 $14 19. Rd2 e4) 19. f3 $16 Be6 20. Rd3 {[%emt 0:02:12] White is much more active.} e4 21. Nxe4 Bc4 (21... Rxd3 $16 22. cxd3 (22. exd3 f5 $16) 22... Rc8) 22. Rxd8+ $18 Rxd8 23. Kf2 Bxb2 24. Rb1 Bg7 25. Rxb7 Bd5 26. Rb5 f5 27. Bg5 Rd7 28. Nf6+ Bxf6 29. Bxf6 {[%emt 0:00:02][%mdl 4096] Endgame KRB-KRB} Bc6 (29... Kf7 $142) 30. Rxa5 Rd2 31. c3 Ra2 32. Ra7 Bxa4 33. Rg7+ Kf8 34. Rxh7 Bb5 35. Re7 Rc2 36. Re3 Kf7 37. Bg5 Bc4 38. h3 Bb5 39. g4 fxg4 40. hxg4 ({Much less strong is} 40. fxg4 Bc4 41. h4 Be6 $18) 40... Bc4 41. Bd8 Bb5 42. Bb6 Bc4 43. Bd4 {[%emt 0:00:04] Re5 would be deadly.} Ra2 44. Re5 {[%emt 0:00:09] Hoping for f4.} Ba6 $2 {[%emt 0:01:00] [#]} (44... Ra6 {might work better.} 45. Rc5 Be6 46. Rc7+ Ke8) 45. f4 Bc4 46. Kf3 Rd2 47. f5 g5 $2 (47... gxf5 48. gxf5 Rb2) 48. Rc5 Bxe2+ 49. Ke3 {[%emt 0:00:03] White mates.} Ra2 50. Rc7+ Ke8 51. f6 Kd8 52. f7 {[%emt 0:00:29] Weighted Error Value: White=0.03 (flawless) /Black=0.43} 1-0